 Dungeon Crawl Stone Soup version 0.24-a0-479-g9a978d2 (webtiles) character file.

Game seed: 13959863201155759422

93 robbits the Insei (level 4, 0/36 HPs)
             Began as a Demonspawn Transmuter on July 7, 2019.
             Succumbed to an adder's poison
             ... on level 3 of the Dungeon.
             The game lasted 00:04:29 (3042 turns).

robbits the Insei (Demonspawn Transmuter)           Turns: 3042, Time: 00:04:30

Health: 0/36       AC:  3    Str: 11    XL:     4   Next: 36%
Magic:  7/7        EV: 12    Int: 14    God:
Gold:   68         SH:  0    Dex: 14    Spells: 6/7 levels left

rFire    + . .     SeeInvis .     - Unarmed
rCold    . . .     Gourm    .   (no shield)
rNeg     . . .     Faith    .   b - +1 robe
rPois    .         Spirit   .   (helmet restricted)
rElec    .         Reflect  .   (no cloak)
rCorr    .         Harm     .   (no gloves)
MR       +....     Rnd*Tele +   (boots currently unavailable)
Stlth    +.........             (no amulet)
HPRegen  0.12/turn              m - ring of protection from magic
MPRegen  0.10/turn              (no ring)

@: lethally poisoned (0 -> -5), appendage (expiring), flying, lightly drained
A: antennae 1, talons 3, fire resistance 1, robust 1, teleportitis 1
a: End Transformation


You were on level 3 of the Dungeon.
You were not hungry.
You had grown temporary talons.
You visited 1 branch of the dungeon, and saw 3 of its levels.

You collected 68 gold pieces.

Inventory:

Missiles
 a - 47 arrows
Armour
 b - a +1 robe (worn)
Jewellery
 k - a +2 ring of protection {unknown}
 m - a ring of protection from magic (left hand)
Scrolls
 c - a scroll of random uselessness
Potions
 g - a potion of magic
 j - a potion of flight
Comestibles
 h - 2 rations


   Skills:
 + Level 1.7(1.3) Fighting
 + Level 2.2(1.8) Dodging
 * Level 3.3(2.9) Unarmed Combat
 + Level 2.3(1.9) Spellcasting
 * Level 2.8(2.3) Transmutations


You had 6 spell levels left.
You knew the following spells:

 Your Spells              Type           Power        Failure   Level  Hunger
a - Beastly Appendage     Tmut           #.....       9%          1    ##.....

Your spell library contained the following spells:

 Spells                   Type           Power        Failure   Level  Hunger
 Sticks to Snakes         Tmut           #.......     14%         2    ###....
 Spider Form              Tmut/Pois      #.........   41%         3    ####...
 Ice Form                 Ice/Tmut       #.......     82%         4    #####..
 Blade Hands              Tmut           #.........   94%         5    ######.


Dungeon Overview and Level Annotations

Branches:
Dungeon (3/15)

Altars:
Nemelex Xobeh


Innate Abilities, Weirdness & Mutations

You have a pair of small antennae on your head.
Your flesh is heat resistant. (rF+)
You have claws for feet.
You are robust. (+10% HP)
You are occasionally teleported next to monsters.


Message History

You are more poisoned.
The adder poisons you! The adder barely misses you.
Your magical contamination has completely faded away.
It was a potion of flight.
You feel very buoyant.
You fly up into the air.
The adder bites you but does no damage.
It was a potion of mutation.
You feel extremely strange.
You feel weirdly uncertain.
You feel robust.
* * * LOW HITPOINT WARNING * * *
You feel sick. The adder closely misses you.
You hit the adder.
You kill the adder!
* * * LOW HITPOINT WARNING * * *
You feel sick.
Unknown command.
Okay, then.
As you read the scroll labeled IKITEURELI, it crumbles to dust.
You assume a fearsome visage.
Nothing appears to happen.
It was a scroll of fear.
You die...

S..... ....# #.# #§#.#
#.# #§#.# #.#######
##§#.# ##...<.#.. §§§#.#
##......... §###.#
#..(.......
§.##.#########..........
................@.>.....
#.###.########..........
#...#.# #..........
###...# ##.........
##..# #.....!#.. #..#
#.####.# # #..# #.# .#
#####.# #.# #
......####### #.#


There were no monsters in sight!

Vanquished Creatures
  3 adders
  An adder skeleton (D:3)
  3 dart slugs
  2 leopard geckos
  4 bats
  3 giant cockroaches
  6 hobgoblins
  7 jackals (D:2)
  A ball python (D:1)
  3 frilled lizards
  6 goblins
  4 kobolds
  8 rats
51 creatures vanquished.

Notes
Turn   | Place    | Note
-------+----------+-------------------------------------------
     0 | D:1      | robbits the Demonspawn Transmuter began the quest for the
                  | Orb.
     0 | D:1      | Reached XP level 1. HP: 15/15 MP: 3/3
   107 | D:1      | Gained mutation: Your flesh is heat resistant. (rF+)
                  | [demonic ancestry]
   107 | D:1      | Reached XP level 2. HP: 18/21 MP: 3/5
  1026 | D:1      | Found a sparkling altar of Nemelex Xobeh.
  1129 | D:2      | Reached skill level 3 in Unarmed Combat
  1192 | D:2      | Reached XP level 3. HP: 3/26 MP: 4/6
  2098 | D:2      | Found a faded altar of an unknown god.
  2418 | D:2      | Gained mutation: You have a pair of small antennae on your
                  | head. [demonic ancestry]
  2418 | D:2      | Reached XP level 4. HP: 25/33 MP: 5/7
  3039 | D:3      | Gained mutation: You are occasionally teleported next to
                  | monsters. [potion of mutation]
  3039 | D:3      | Gained mutation: You are robust. (+10% HP) [potion of
                  | mutation]
  3040 | D:3      | HP: 1/36 [poisoned by an adder]
  3042 | D:3      | Succumbed to an adder's poison

Levels and vault maps discovered:
D:1:      nzn_arrival_depleted_hourglass, layout_basic,
          nemelex_diamond_rough_becter
D:2:      layout_loops_ring, first_ration,
          chequers_ecumenical_altar_simple_redux
D:3:      layout_rooms, lightli_temple_of_fire, chequers_serial_rivers_micro_c

Skill      XL: |  1  2 |
---------------+-------+-----
Transmutations | 2 |  2.8
Dodging        | 2 |  2.2
Unarmed Combat | 3 |  3.3
Fighting       | |  1.7
Spellcasting   | |  2.3

Action                   |  1- 3 |  4- 6 || total
-------------------------+-------+-------++-------
Melee: Unarmed           |   207 |    67 ||   274
       Headbutt          |     3 |       ||     3
       Kick              |     7 |     5 ||    12
       Punch             |     1 |       ||     1
 Cast: Beastly Appendage |    13 |     3 ||    16
  Use: Scroll            |     2 |     6 ||     8
       Potion            |     1 |     2 ||     3
  Eat: Chunk             |     2 |     2 ||     4
       Ration            |     1 |       ||     1
Armor: Robe              |    45 |    10 ||    55
Dodge: Dodged            |   159 |    36 ||   195

Table legend:
 A = Non-vault XP
 B = Vault XP
 C = Vault XP percentage of total XP
 D = Non-vault monster count
 E = Vault monster count
 F = Vault count percentage of total count
                 A         B        C        D         E       F
            +---------+---------+-------+---------+---------+-------
      Total |     133 |       0 |   0.0 |      51 |       0 |   0.0
            +---------+---------+-------+---------+---------+-------
        D:1 |      32 |       0 |   0.0 |      19 |       0 |   0.0
        D:2 |      77 |       0 |   0.0 |      28 |       0 |   0.0
        D:3 |      24 |       0 |   0.0 |       4 |       0 |   0.0
            +---------+---------+-------+---------+---------+-------
